 Dungeon Crawl Stone Soup version 0.23.0-2-g0fe3ce5 (webtiles) character file.

Game seed: 14748752536735559336

30548 TheDeathLetter the Carver (level 13, 0/83 HPs)
             Began as a Gargoyle Fighter on Feb 19, 2019.
             Was the Champion of Okawaru.
             Slain by a ten-headed hydra (8 damage)
             ... on level 4 of the Lair of Beasts.
             The game lasted 00:53:03 (18119 turns).

TheDeathLetter the Carver (Gargoyle Fighter)       Turns: 18119, Time: 00:53:04

Health: 0/83       AC: 30    Str: 22 (27) XL:     13   Next: 52%
Magic:  13/13      EV: 13    Int: 10      God:    Okawaru [******]
Gold:   1126       SH:  0    Dex: 16 (18) Spells: 12/12 levels left

rFire    . . .     SeeInvis +   N - +8 great sword of Nifahyd {slice, rN+}
rCold    + . .     Gourm    .   (shield currently unavailable)
rNeg     + + +     Faith    +   K - +5 scale mail "Niogoupa" {rN+}
rPois    ∞         Spirit   .   Q - +2 hat {SInv}
rElec    +         Reflect  .   z - +0 cloak
rCorr    .         Harm     .   l - +0 pair of gloves {Str+3}
MR       .....                  F - +0 pair of boots
Stlth    +.........             H - amulet of faith
HPRegen  0.23/turn              W - +5 ring of dexterity
MPRegen  0.13/turn              E - +4 ring of dexterity

@: about to teleport, flying, very slightly contaminated, slowed, very slow
A: big wings, cold resistance 1, deterioration 1, negative energy resistance 1,
screaming 1, electricity resistance, unbreathing, petrification resistance, rot
immunity, AC +9
a: Stop Flying, Heroism, Finesse, Renounce Religion


You were on level 4 of the Lair of Beasts.
You worshipped Okawaru.
Okawaru was exalted by your worship.
You were very hungry.

You visited 3 branches of the dungeon, and saw 18 of its levels.
You also visited: Bailey and Volcano.

You collected 1184 gold pieces.
You spent 58 gold pieces at shops.

Inventory:

Hand Weapons
 N - the +8 great sword of Nifahyd (weapon) {slice, rN+}
   (You took it off an orc on level 9 of the Dungeon)

   It inflicts extra damage upon your enemies.
   It protects you from negative energy.
 S - the +6 great mace of Ymoz {elec, MR+}
   (Okawaru gifted it to you on level 10 of the Dungeon)

   Occasionally, upon striking a foe, it will discharge some electrical energy
   and cause terrible harm.
   It affects your resistance to hostile enchantments.
Armour
 c - a +0 shield
 h - the +0 hat "Jacuxtux" {rN+}
   (Okawaru gifted it to you on level 12 of the Dungeon)

   It protects you from negative energy.
 l - a +0 pair of gloves of strength (worn)
 z - a +0 cloak (worn)
 F - a +0 pair of boots (worn)
 K - the +5 scale mail "Niogoupa" (worn) {rN+}
   (You found it on level 8 of the Dungeon)

   It protects you from negative energy.
 Q - a +2 hat of see invisible (worn)
Magical Staves
 I - an uncursed staff of conjuration {unknown}
Jewellery
 E - a +4 ring of dexterity (right hand)
 H - an amulet of faith (around neck)
 O - an uncursed ring of positive energy
 P - an uncursed amulet of rage
 W - a +5 ring of dexterity (left hand)
Wands
 e - a wand of paralysis (8)
 t - a wand of flame (29)
 u - a wand of acid (17)
 v - a wand of random effects (35)
 y - a wand of iceblast (17)
 B - a wand of polymorph (25)
Scrolls
 a - 2 scrolls of amnesia
 b - a scroll of vulnerability {unknown}
 i - a scroll of fear
 j - 11 scrolls of remove curse
 k - a scroll of enchant weapon {unknown}
 m - 2 scrolls of magic mapping
 n - 2 scrolls of immolation
 r - 2 scrolls of identify
 U - a scroll of holy word {unknown}
 V - a scroll of fog {unknown}
Potions
 d - 2 potions of might
 g - a potion of brilliance
 p - 3 potions of agility
 q - 3 potions of resistance
 s - a potion of lignification {unknown}
 w - 2 potions of flight
 x - 2 potions of ambrosia {unknown}
 M - a potion of cancellation {unknown}
 X - 3 potions of berserk rage
 Y - 2 potions of haste
 Z - a potion of heal wounds
Miscellaneous
 o - a lightning rod (4/4)
 C - a phial of floods
 R - a sack of spiders
Comestibles
 f - 27 rations


   Skills:
 + Level 10.5 Fighting
 + Level 12.3 Long Blades
 - Level 9.4 Maces & Flails
 * Level 10.9 Armour
 * Level 4.5 Dodging
 + Level 2.0 Stealth
 - Level 7.9 Shields
 + Level 0.9 Evocations


You had 12 spell levels left.
You didn't know any spells.
Your spell library contained the following spells:

 Spells                   Type           Power        Failure   Level  Hunger
 Animate Skeleton         Necr           N/A          63%         1    ##.....
 Apportation              Tloc           #.....       63%         1    ##.....
 Confusing Touch          Hex            #.....       63%         1    ##.....
 Corona                   Hex            #......      63%         1    ##.....
 Summon Small Mammal      Summ           #...         63%         1    ##.....
 Ensorcelled Hibernation  Hex/Ice        #.....       77%         2    ###....
 Confuse                  Hex            #.......     94%         3    ####...
 Dazzling Spray           Conj/Hex       #.....       94%         3    ####...
 Gell's Gravitas          Tloc           #.........   94%         3    ####...
 Recall                   Summ/Tloc      N/A          94%         3    ####...
 Tukima's Dance           Hex            #.......     94%         3    ####...
 Animate Dead             Necr           N/A          100%        4    #####..
 Cause Fear               Hex            #.........   100%        4    #####..
 Petrify                  Tmut/Erth      #.......     100%        4    #####..
 Borgnjor's Vile Clutch   Necr/Erth      #.........   100%        5    ######.
 Metabolic Englaciation   Hex/Ice        #.........   100%        5    ######.
 Silence                  Hex/Air        #.........   100%        5    ######.
 Yara's Violent Unravell  Hex/Tmut       #.........   100%        5    ######.
 Death Channel            Necr           #.........   100%        6    #######
 Deflect Missiles         Chrm/Air       #.........   100%        6    #######
 Simulacrum               Ice/Necr       #.........   100%        6    #######
 Discord                  Hex            #.........   100%        8    #######


Dungeon Overview and Level Annotations

Branches:
Dungeon (13/15)            Temple (0/1) D:7            Lair (4/6) D:9
  Swamp (1/4) Lair:4        Snake (0/4) Lair:3          Orc (0/2) D:11
 Vaults: D:13-14

Altars:
Cheibriados
Dithmenos
Elyvilon
Fedhas
Hepliaklqana
Makhleb
Nemelex Xobeh
Okawaru
Ru
Uskayaw
Wu Jian
Xom
Yredelemnul
Zin

Shops:
D:7 [*

Annotations:
D:12 3 runed translucent doors, HunterAntonescu's ghost, journeyman HuFi; Jaiteiro's ghost, journeyman HaBe; MirrMurr's ghost, journeyman SpSk; vishdafish's ghost, journeyman GnSk; xccam's ghost, journeyman DrTm
D:13 Azrael
Lair:4 Sonja


Innate Abilities, Weirdness & Mutations

You are resistant to torment.
Your stone body is resilient. (AC +9)
You are immune to poison.
You resist negative energy. (rN+)
You are resistant to electric shocks. (rElec)
You can survive without breathing.
You are immune to petrification.
You are immune to rotting.
Your large and strong wings let you fly indefinitely.
Your flesh is cold resistant. (rC+)
Your body sometimes deteriorates upon taking damage.
You occasionally shout uncontrollably at your foes.


Message History

Press: ? - help, Dir - move target cursor You are very lightly contaminated with residual magic.
As you read the scroll of blinking, it crumbles to dust.
Found 12 gold pieces.
As you read the scroll of teleportation, it crumbles to dust.
You feel strangely unstable.
The ten-headed hydra bites you but does no damage. x2
The ten-headed hydra bites you.
* * * LOW HITPOINT WARNING * * *
The ten-headed hydra closely misses you.
The ten-headed hydra misses you. x3
The ten-headed hydra bites you but does no damage. x3
The spiny frog completely misses you.
You riposte.
You slice the spiny frog!!
The spiny frog is severely wounded.
Found 21 bolts.
The spiny frog closely misses you.
You riposte.
You slash the spiny frog!
The spiny frog is almost dead.
The ten-headed hydra bites you but does no damage. x4
The ten-headed hydra bites you!
You die...

##.#.##P##
#.......(.####
..............#
...............#
................#
.................##
..........^........#
.........$..F@....#
............D.....#
..................#
#.................#
##...............##
#.................#
#................#
##................#
##.............#...


You could see a ten-headed hydra and a spiny frog.

Vanquished Creatures
  Nessos (D:12)
  A hydra (D:12)
  A centaur warrior (D:12)
  2 two-headed ogres
  A death knight (D:12)
  2 unseen horrors
  2 cyclopes
  3 ugly things
  A deep elf mage (D:12)
  2 manticores
  Psyche (D:12)
  A molten gargoyle (Volcano)
  A black mamba (Lair:2)
  3 spiny frogs
  A gargoyle (Volcano)
  A kobold demonologist (D:11)
  Grinder (D:6)
  A troll (D:10)
  A polar bear (Lair:4)
  2 bog bodies (Lair:4)
  A hornet (D:12)
  11 blink frogs
  A hippogriff (D:11)
  Sigmund (D:4)
  A shadow (D:13)
  25 yaks
  A vampire (D:11)
  2 fire elementals (Volcano)
  3 fire bats (Lair:2)
  A wyvern (D:11)
  2 hungry ghosts
  3 basilisks
  A steam dragon (D:11)
  3 vampire mosquitoes (D:12)
  Edmund (D:5)
  3 nagas (Lair:3)
  5 water moccasins
  2 hell hounds
  An acid dragon (D:12)
  9 porcupines
  6 orc warriors
  A phantom (D:6)
  A hornet zombie (D:8)
  4 sky beasts
  A black bear (D:12)
  A necrophage (D:9)
  5 ogres
  19 centaurs
  10 crocodiles
  8 big kobolds
  10 bullfrogs
  2 wyvern skeletons
  9 scorpions
  3 killer bees (D:11)
  18 wights
  A howler monkey (D:5)
  7 crimson imps
  3 bullfrog zombies
  3 jellies
  3 hounds
  2 centaur skeletons
  Crazy Yiuf (D:5)
  4 orc priests
  9 orc wizards
  A bullfrog skeleton (D:10)
  6 iguanas
  7 worker ants
  A hound zombie (D:7)
  A hound skeleton (D:9)
  11 gnolls
  3 adders
  A shadow imp (D:8)
  An ooze (D:4)
  An adder skeleton (D:6)
  A worm (D:3)
  2 dart slugs
  4 leopard geckos
  32 orcs
  A ball python (D:6)
  3 giant cockroaches
  11 goblins
  4 hobgoblins
  5 jackals
  9 quokkas
  6 bats
  3 frilled lizards
  A jackal skeleton (D:4)
  2 jackal zombies
  29 kobolds
  2 quokka zombies
  A rat (D:2)
386 creatures vanquished.

Vanquished Creatures (others)
  A bush (D:9)
  A fungus (D:9)
  7 plants
9 creatures vanquished.

Grand Total: 395 creatures vanquished

Notes
Turn   | Place    | Note
-------+----------+-------------------------------------------
     0 | D:1      | TheDeathLetter the Gargoyle Fighter began the quest for the
                  | Orb.
     0 | D:1      | Reached XP level 1. HP: 14/14 MP: 1/1
   713 | D:2      | Reached XP level 2. HP: 16/19 MP: 2/2
   725 | D:2      | Found an iron altar of Okawaru.
   729 | D:2      | Became a worshipper of Warmaster Okawaru
  1258 | D:2      | You fall through a shaft for 2 floors!
  1283 | D:4      | Reached XP level 3. HP: 14/23 MP: 3/3
  1294 | D:4      | Reached XP level 4. HP: 19/29 MP: 4/4
  1330 | D:4      | Noticed Sigmund
  1708 | D:3      | Found a shimmering altar of Xom.
  2459 | D:4      | Reached XP level 5. HP: 32/33 MP: 5/5
  2623 | D:4      | Reached * piety under Okawaru
  2623 | D:4      | Reached XP level 6. HP: 13/38 MP: 6/6
  2846 | D:4      | Killed Sigmund
  2846 | D:4      | Reached skill level 5 in Armour
  2881 | D:4      | Found a snail-covered altar of Cheibriados.
  3064 | D:5      | Entered Level 5 of the Dungeon
  3064 | D:5      | Noticed Edmund
  3085 | D:5      | Killed Edmund
  3085 | D:5      | Reached skill level 5 in Shields
  3085 | D:5      | Reached XP level 7. HP: 44/44 MP: 7/7
  3097 | D:5      | Reached ** piety under Okawaru
  3097 | D:5      | Reached skill level 5 in Maces & Flails
  3443 | D:5      | Reached skill level 5 in Fighting
  3443 | D:5      | Reached XP level 8. HP: 22/49 MP: 8/8
  3608 | D:5      | Found a runed translucent door.
  3609 | D:5      | Noticed Crazy Yiuf
  3643 | D:5      | Killed Crazy Yiuf
  3971 | D:5      | Found a sparkling altar of Nemelex Xobeh.
  4210 | D:6      | Reached *** piety under Okawaru
  4283 | D:6      | Found a blossoming altar of Fedhas.
  4356 | D:6      | Found a sacrificial altar of Ru.
  4358 | D:6      | Found a basalt altar of Yredelemnul.
  4385 | D:6      | Received a gift from Okawaru
  4391 | D:6      | Noticed Grinder
  4414 | D:6      | Paralysed by Grinder for 5 turns
  4429 | D:6      | Killed Grinder
  4475 | D:6      | Found a shadowy altar of Dithmenos.
  4766 | D:6      | Reached XP level 9. HP: 44/55 MP: 9/9
  4767 | D:6      | Found a hazy altar of Hepliaklqana.
  4857 | D:6      | Found a hide-covered altar of Uskayaw.
  4868 | D:6      | Found a white marble altar of Elyvilon.
  5019 | D:7      | Found Puim's General Store.
  5025 | D:7      | Bought a +0 pair of boots for 58 gold pieces
  5248 | D:7      | Found Iddetuof's Armour Boutique.
  5363 | D:7      | Found a staircase to the Ecumenical Temple.
  5634 | D:7      | Found an ornate altar of the Wu Jian Council.
  6219 | D:8      | Found a glowing silver altar of Zin.
  6311 | D:8      | Got a heavily runed scale mail
  6322 | D:8      | Identified the +5 scale mail "Niogoupa" {rN+} (You found it
                  | on level 8 of the Dungeon)
  6837 | D:9      | Found a burning altar of Makhleb.
  6892 | D:9      | Reached **** piety under Okawaru
  6894 | D:9      | Found a staircase to the Lair.
  6934 | D:9      | Reached skill level 1 in Stealth
  7240 | D:9      | Reached ***** piety under Okawaru
  7240 | D:9      | Reached XP level 10. HP: 63/63 MP: 10/10
  7451 | D:9      | Noticed a two-headed ogre
  7916 | D:9      | Killed a two-headed ogre
  8272 | D:9      | Identified the +8 great sword of Nifahyd {slice, rN+}
  8679 | D:10     | Entered Level 10 of the Dungeon
  8776 | D:10     | Reached skill level 1 in Long Blades
  8968 | D:10     | Reached skill level 2 in Long Blades
  9065 | D:10     | Killed an unseen horror
  9065 | D:10     | Received a gift from Okawaru
  9065 | D:10     | Reached skill level 3 in Long Blades
  9079 | D:10     | Got a transparent great mace {god gift}
  9080 | D:10     | Identified the +6 great mace of Ymoz {elec, MR+} (Okawaru
                  | gifted it to you on level 10 of the Dungeon)
  9106 | D:10     | Reached skill level 4 in Long Blades
  9107 | D:10     | Reached XP level 11. HP: 65/69 MP: 11/11
  9256 | D:10     | Reached skill level 1 in Dodging
  9266 | D:10     | Reached skill level 5 in Long Blades
  9522 | Lair:1   | Entered Level 1 of the Lair of Beasts
  9848 | Lair:1   | Reached skill level 6 in Long Blades
  9854 | Lair:1   | Reached ****** piety under Okawaru
  9867 | Lair:1   | Received a gift from Okawaru
 10408 | Lair:1   | Reached skill level 7 in Long Blades
 11151 | D:11     | Received a gift from Okawaru
 11169 | D:11     | Noticed a two-headed ogre
 11178 | D:11     | Killed a two-headed ogre
 11178 | D:11     | Received a gift from Okawaru
 11178 | D:11     | Reached skill level 8 in Long Blades
 11210 | D:11     | Noticed a cyclops
 11219 | D:11     | Killed a cyclops
 11233 | D:11     | Noticed a green ugly thing
 11239 | D:11     | Killed a green ugly thing
 11297 | D:11     | Reached skill level 9 in Long Blades
 11298 | D:11     | Paralysed by fainting for 12 turns
 11333 | D:11     | Paralysed by fainting for 10 turns
 11366 | D:11     | Noticed a manticore
 11372 | D:11     | Noticed a sixfirhy
 11459 | D:11     | Reached XP level 12. HP: 23/76 MP: 12/12
 11482 | D:11     | Found a staircase to the Orcish Mines.
 11501 | D:11     | Found a flagged portal.
 11506 | Bailey   | Entered a bailey
 13032 | D:11     | Reached skill level 10 in Long Blades
 13258 | D:12     | Noticed Nessos
 13261 | D:12     | Paralysed by Nessos for 5 turns
 13650 | D:12     | Noticed a centaur warrior
 13650 | D:12     | Noticed a five-headed hydra
 13652 | D:12     | Noticed a death knight
 13657 | D:12     | Killed a centaur warrior
 13657 | D:12     | Received a gift from Okawaru
 13663 | D:12     | Killed a ten-headed hydra
 13669 | D:12     | Got a steaming hat {god gift}
 13669 | D:12     | Noticed Psyche
 13698 | D:12     | Identified the +0 hat "Jacuxtux" {rN+} (Okawaru gifted it
                  | to you on level 12 of the Dungeon)
 13903 | D:12     | Gained mutation: You expend magic power (3 MP) to
                  | strengthen your wands. [potion of mutation]
 13903 | D:12     | Gained mutation: You are partially covered in iridescent
                  | scales. (AC +2) [potion of mutation]
 13903 | D:12     | Gained mutation: You are surrounded by a mild repulsion
                  | field. (EV +2) [potion of mutation]
 13904 | D:12     | Lost mutation: You are partially covered in iridescent
                  | scales. (AC +2) [potion of mutation]
 13904 | D:12     | Lost mutation: You are surrounded by a mild repulsion
                  | field. (EV +2) [potion of mutation]
 13904 | D:12     | Lost mutation: You expend magic power (3 MP) to strengthen
                  | your wands. [potion of mutation]
 13904 | D:12     | Gained mutation: You occasionally shout uncontrollably at
                  | your foes. [potion of mutation]
 13904 | D:12     | Gained mutation: Your body sometimes deteriorates upon
                  | taking damage. [potion of mutation]
 13904 | D:12     | Gained mutation: Your flesh is cold resistant. (rC+)
                  | [potion of mutation]
 13904 | D:12     | Gained mutation: Your large and strong wings let you fly
                  | indefinitely. [potion of mutation]
 14007 | D:12     | Killed Psyche
 14324 | D:12     | Found a runed translucent gate.
 14324 | D:12     | Found a runed translucent gate.
 14324 | D:12     | Found a runed translucent gate.
 14326 | D:12     | Noticed HunterAntonescu's ghost (journeyman HuFi)
 14327 | D:12     | Noticed xccam's ghost (journeyman DrTm)
 14327 | D:12     | Noticed MirrMurr's ghost (journeyman SpSk)
 14327 | D:12     | Noticed Jaiteiro's ghost (journeyman HaBe)
 14328 | D:12     | Noticed vishdafish's ghost (journeyman GnSk)
 14366 | D:12     | Reached skill level 11 in Long Blades
 14381 | D:12     | Killed Nessos
 14381 | D:12     | Reached skill level 10 in Armour
 14383 | D:12     | Reached skill level 10 in Fighting
 15491 | D:12     | Killed a death knight
 15491 | D:12     | Reached XP level 13. HP: 14/82 MP: 13/13
 16038 | D:13     | Noticed Azrael
 16403 | Lair:2   | Received a gift from Okawaru
 16555 | Lair:2   | Found a dark tunnel.
 16617 | Volcano  | Entered a volcano
 16751 | Volcano  | Reached skill level 12 in Long Blades
 17344 | Lair:3   | Found a staircase to the Snake Pit.
 18016 | Lair:4   | Noticed Sonja
 18093 | Lair:4   | Found a staircase to the Swamp.
 18106 | Swamp:1  | Entered Level 1 of the Swamp
 18107 | Swamp:1  | Noticed a thorn hunter
 18119 | Lair:4   | Slain by a ten-headed hydra

Skill      XL: |  1  2  3  4  5  6  7  8  9 10 11 12 13 |
---------------+----------------------------------------+-----
Shields        | 4 5 6 7 |  7.9
Maces & Flails | 3 4 5 7 8 9 |  9.4
Armour         | 4 5 7 8 9 10 | 10.9
Fighting       | 4 5 6 7 8 9 10 | 10.5
Stealth        | 1 2 |  2.0
Long Blades    | 4 9 11 12 | 12.3
Dodging        | 1 3 4 |  4.5
Evocations     | |  0.9

Action                   |  1- 3 |  4- 6 |  7- 9 | 10-12 | 13-15 || total
-------------------------+-------+-------+-------+-------+-------++-------
Melee: Flail             |   118 |   226 |   240 |       |       ||   584
       Mace              |       |       |   233 |   117 |       ||   350
       Great sword       |       |       |       |   464 |   136 ||   600
       Scimitar          |       |       |       |       |     7 ||     7
 Abil: Evoke Flight      |       |       |       |     4 |       ||     4
       Fly               |       |       |       |     1 |       ||     1
  Use: Scroll            |     2 |       |     9 |    15 |     7 ||    33
       Potion            |       |       |       |     8 |       ||     8
  Eat: Chunk             |     1 |     4 |    12 |    14 |       ||    31
       Ration            |       |     1 |       |     5 |     2 ||     8
Armor: Scale mail        |    60 |       |    67 |   631 |   143 ||   901
       Plate armour      |    63 |   199 |   214 |       |       ||   476
Dodge: Dodged            |    40 |    45 |    85 |   452 |   156 ||   778
Block: Shield            |   104 |   137 |   191 |    53 |       ||   485
       Rpst.: Great sword |       |       |       |   115 |    44 ||   159
       Scimitar          |       |       |       |       |     1 ||     1
